 Dungeon Crawl Stone Soup version 0.18-a0-1628-g61c6396 (webtiles) character file.

170 M4edhros the Ducker (level 5, -1/36 HPs)
             Began as an Octopode Fighter on Mar 25, 2016.
             Slain by a slave (5 damage)
             ... led by Pikel
             ... on level 3 of the Dungeon.
             The game lasted 00:02:04 (1891 turns).

M4edhros the Ducker (Octopode Fighter)              Turns: 1891, Time: 00:02:05

Health: -1/36      AC:  1    Str: 20    XL:     5   Next: 51%
Magic:  5/5        EV: 18    Int: 10    God:
Gold:   168        SH: 10    Dex: 18    Spells: 0 memorised, 4 levels left

rFire  . . .     SeeInvis .     a - +0 trident
rCold  . . .     Gourm    .     b - +0 shield
rNeg   . . .     Faith    .     (helmet restricted)
rPois  .         Spirit   .     (no amulet)
rElec  .         Dismiss  .     (no ring)
rCorr  .         Reflect  .     (no ring)
SustAt .         Harm     .     (no ring)
MR     .....                    (no ring)
Stlth  ++++......               (no ring)
                                (no ring)
                                (no ring)
                                (no ring)

@: mighty, agile, not resistant to hostile enchantments, stealthy
A: almost no armour, amphibious, 8 rings, constrict 8, camouflage 1, gelatinous
body 1
a: no special abilities


You were on level 3 of the Dungeon.
You were very hungry.

You visited 1 branch of the dungeon, and saw 4 of its levels.

You collected 168 gold pieces.

Inventory:

Hand Weapons
 a - a +0 trident (weapon)
Missiles
 o - 29 sling bullets
 p - 26 stones (quivered)
Armour
 b - a +0 shield (worn)
Scrolls
 e - a scroll of remove curse {unknown}
 f - a scroll of noise {unknown}
 g - 2 scrolls of teleportation {unknown}
 h - a scroll of enchant armour {unknown}
 i - a scroll of fog {unknown}
 j - 4 scrolls of identify {unknown}
 k - a scroll of random uselessness {unknown}
 n - a scroll of magic mapping {unknown}
Potions
 l - a potion of agility
 m - a potion of flight
Comestibles
 d - 2 bread rations


   Skills:
 - Level 3.0 Fighting
 - Level 2.0 Polearms
 + Level 4.8 Dodging
 + Level 4.6 Shields


You had 4 spell levels left.
You didn't know any spells.

Dungeon Overview and Level Annotations

Branches:
Dungeon (4/15)
 Temple: D:4-7

Altars:

Annotations:
D:4 Pikel


Innate Abilities, Weirdness & Mutations

You cannot wear most types of armour.
You are amphibious.
You can wear up to eight rings at the same time.
You can use your tentacles to constrict eight enemies at once.
Your skin changes colour to match your surroundings (Stealth).
Your rubbery body absorbs attacks (AC +1).


Message History

Drink which item? (? for menu, Esc to quit)
It was a potion of agility.
You feel agile all of a sudden. The slave barely misses you.
The slave completely misses you.
Unknown command.
Unknown command.
You puncture the slave! Your grab misses the slave.
The slave is heavily wounded.
You block the slave's attack. The slave completely misses you.
The slave hits you.
* * * LOW HITPOINT WARNING * * *
The slave hits you.
* * * LOW HITPOINT WARNING * * *
Unknown command.
Unknown command.
You hit the slave. You grab the slave.
The slave is heavily wounded.
You constrict the slave, but do no damage.
The slave hits you.
You die...

#.# #)# #######.#
........##
####.....#
....(....#
###......#
###......#########
...............p@#
####.....###.###p#
#..#### #.# #.#
##.## #.# #.# #..#
#.# #.# ##.## #.#
#.# ######..# #.#
#.# ........# #.#
#.# #######.#


You could see 2 slaves.

Vanquished Creatures
  A slave (D:3)
  An orc priest (D:3)
  A worker ant (D:3)
  5 gnolls (D:2)
  3 adders
  2 worms (D:2)
  2 dart slugs
  A giant gecko (D:2)
  2 orcs (D:3)
  A ball python (D:2)
  4 bats
  A giant cockroach (D:3)
  2 goblins
  3 hobgoblins
  A quokka (D:2)
  2 giant newts
  A kobold (D:2)
  7 rats
40 creatures vanquished.

Notes
Turn   | Place    | Note
--------------------------------------------------------------
     0 | D:1      | M4edhros the Octopode Fighter began the quest for the Orb.
     0 | D:1      | Reached XP level 1. HP: 16/16 MP: 1/1
   285 | D:1      | Reached XP level 2. HP: 19/21 MP: 2/2
   415 | D:2      | Reached XP level 3. HP: 11/26 MP: 3/3
   840 | D:2      | Reached XP level 4. HP: 11/31 MP: 4/4
  1006 | D:2      | HP: 1/31 [gnoll/spear (10)]
  1439 | D:3      | Reached XP level 5. HP: 19/36 MP: 5/5
  1879 | D:4      | Noticed Pikel
  1879 | D:4      | Noticed a slave
  1879 | D:4      | Noticed a slave
  1879 | D:4      | Noticed a slave
  1879 | D:4      | Noticed a slave
  1886 | D:3      | Killed a slave
  1891 | D:3      | Slain by a slave

Vault maps used:
D:1:      lightli_molten_gateway
D:2:      overflow_temple_1_default, nicolae_overflow_hidden_temple
D:3:      uniq_sigmund
D:4:      fedhas_altar_2, lemuel_zombie_altar_yredelemnul, first_bread,
          elyvilon_altar_5, uniq_pikel, uniq_robin, uniq_crazy_yiuf_cottage,
          uniq_natasha

Skill      XL: |  1  2  3  4 |
---------------+-------------+-----
Dodging        | 4 |  4.8
Shields        | 4 |  4.6
Fighting       | |  3.0
Polearms       | |  2.0

Action                   |  1- 3 |  4- 6 || total
-------------------------+-------+-------++-------
Melee: Trident           |    42 |    63 ||   105
  Use: Potion            |     2 |     3 ||     5
 Stab: Sleeping          |     5 |     3 ||     8
  Eat: Chunk             |       |     2 ||     2
